 Dungeon Crawl Stone Soup version 0.30.0-13-g156ef70053 (webtiles) character file.

Game seed: 1182641823395353535

9 browni3141 the Firebug (level 2, 19/19 HPs)
             Began as a Demonspawn Fire Elementalist on May 17, 2023.
             Got out of the dungeon alive.
             The game lasted 00:00:27 (419 turns).

browni3141 the Firebug (DsFE)                        Turns: 419, Time: 00:00:28

Health: 19/19      AC:  4    Str:  8    XL:     2   Next: 6%
Magic:  3/5        EV: 12    Int: 16    God:
Gold:   41         SH:  0    Dex: 13    Spells: 4/5 levels left

rFire   . . .        (no weapon)
rCold   . . .        (no shield)
rNeg    . . .        a - +0 robe
rPois   .            (no helmet)
rElec   .            (no cloak)
rCorr   .            (no gloves)
SInv    .            (no boots)
Will    .....        (no amulet)
Stlth   ++           (no ring)
HPRegen 0.23/turn    (no ring)
MPRegen 0.09/turn

%: no passive effects
@: no status effects
A: molten scales 1
a: no special abilities


You escaped.
You visited 1 branch of the dungeon, and saw 1 of its levels.

You collected 41 gold pieces.

Inventory:

Armour
 a - a +0 robe (worn)
Scrolls
 n - a scroll of enchant armour {unknown}
Potions
 m - a potion of magic


   Skills:
 + Level 1.9 Dodging
 + Level 2.0 Stealth
 + Level 2.1 Spellcasting
 + Level 1.2 Conjurations
 + Level 2.8 Fire Magic


You had 4 spell levels left.
You knew the following spells:

 Your Spells              Type           Power      Damage    Failure   Level
z - Foxfire               Conj/Fire      32%        2x1d5     9%          1

Your spell library contained the following spells:

 Spells                   Type           Power      Damage    Failure   Level
 Scorch                   Fire           20%        2d6       10%         2
 Inner Flame              Hex/Fire       6%         N/A       34%         3
 Volatile Blastmotes      Fire/Tloc      12%        2d11      34%         3
 Flame Wave               Conj/Fire      8%         2d5       65%         4


Dungeon Overview and Level Annotations

Branches:
Dungeon (1/15)

Altars:


Innate Abilities, Weirdness & Mutations

You are partially covered in molten scales. (AC +2)


Message History

The kobold throws a stone.
The stone closely misses you.
You conjure some foxfire!
The goblin shouts!
The kobold barely misses you.
You miscast Foxfire.
You are very lightly contaminated with residual magic.
Nothing appears to happen.
The foxfire hits the kobold.
You kill the kobold!
The foxfire hits the rat.
You kill the rat!
You miscast Foxfire.
Nothing appears to happen.
You are out of magic!
You are out of magic!
Your magical contamination has completely faded away.
The rat twitches its whiskers.
The goblin attacks as you move away! The goblin hits you but does no damage.
The goblin attacks as you move away! The goblin closely misses you.
The goblin attacks as you move away! The goblin barely misses you.
The goblin attacks as you move away! The goblin hits you but does no damage.
Casting: Foxfire (safe; 10% risk of failure)
Press: ? - help, Q - select action Dir - look around, f - activate You conjure some foxfire!
The goblin barely misses you.
Casting: Foxfire (safe; 10% risk of failure)
Press: ? - help, Q - select action Dir - look around, f - activate You conjure some foxfire!
The foxfire hits the rat but does no damage.
The goblin misses you.
The foxfire hits the rat.
You kill the rat!
The foxfire hits the goblin.
The goblin is moderately wounded.
The goblin closely misses you.
The foxfire hits the goblin.
The goblin is heavily wounded.
You see here a hobgoblin corpse.
Casting: Foxfire (safe; 10% risk of failure)
Press: ? - help, Q - select action Dir - look around, f - activate You conjure some foxfire!
The goblin hits you with a +0 dagger.
The foxfire hits the goblin.
You kill the goblin!
Your foxfire dissipates!
HP restored.
You see here a hobgoblin corpse.
You see here a +0 dagger.
A frilled lizard comes into view.
A frilled lizard is nearby!
A frilled lizard is nearby!
A frilled lizard is nearby!
A frilled lizard is nearby!
You miscast Foxfire.
You are very lightly contaminated with residual magic.
Nothing appears to happen.
The frilled lizard hisses angrily.
You conjure some foxfire!
Your foxfire dissipates!
The frilled lizard unfolds its giant frill.
You conjure some foxfire!
The foxfire hits the frilled lizard.
You kill the frilled lizard!
Your foxfire dissipates! x2
Your magical contamination has completely faded away.
You now have 31 gold pieces (gained 12).
You now have 41 gold pieces (gained 10).
A ball python comes into view.
The ball python hisses angrily.
A ball python is nearby!
A ball python is nearby!
A ball python is nearby!
You conjure some foxfire!
The ball python bites you but does no damage.
The ball python barely misses you.
The ball python bites you but does no damage.
The ball python closely misses you.
The foxfire hits the ball python.
The ball python is moderately wounded.
The foxfire hits the ball python.
You kill the ball python!
Your Stealth skill increases to level 2!
You have reached level 2!
Your demonic ancestry asserts itself...
Molten scales grow over part of your body.
You are a level 2 Demonspawn Fire Elementalist.
You are 3% of the way to level 3.
Play time: 00:00:23 (350 turns).
Zot will find you in 5650 turns if you stay in this branch and explore no new floors.
Unknown command.
A ball python comes into view.
You can't go up here!
You conjure some foxfire!
You conjure some foxfire!
You conjure some foxfire!
The foxfire hits the ball python.
You kill the ball python!
You conjure some foxfire!
Your foxfire dissipates! x3
Your foxfire dissipates!
Your foxfire dissipates! x2
Your foxfire dissipates!
You see here a +0 dagger.
There is a staircase leading out of the dungeon here.
Are you sure you want to leave the Dungeon?
This will make you lose the game!
You have escaped!

. # #.#######.# #.##
#.# #.# #..# #.#
#.######.####
##........#...
##...#####.....
##.....# ##....
####...#..# #....
#.....##..# ###....
##.@..####.###.##.##
#....## #......##.#
#..##..###...##....#
#..
#...##...#...#...
#..
##.......#######.
...# ##....### .
..#. #...## ..#
##..# #...


There were no monsters in sight!

Vanquished Creatures
  2 ball pythons (D:1)
  A goblin (D:1)
  A hobgoblin (D:1)
  A kobold (D:1)
  A frilled lizard (D:1)
  4 rats (D:1)
10 creatures vanquished.

Vanquished Creatures (others)
  33 foxfires (D:1)
33 creatures vanquished.

Grand Total: 43 creatures vanquished

Notes
Turn   | Place    | Note
-------+----------+-------------------------------------------
     0 | D:1      | browni3141 the Demonspawn Fire Elementalist began the quest
                  | for the Orb.
     0 | D:1      | Reached XP level 1. HP: 13/13 MP: 3/3
   350 | D:1      | Gained mutation: You are partially covered in molten
                  | scales. (AC +2) [demonic ancestry]
   350 | D:1      | Reached XP level 2. HP: 19/19 MP: 3/5
   419 | D:$      | Got out of the dungeon alive.

Illustrated notes

Levels and vault maps discovered:
D:1:      dpeg_arrival_arbitrary_b, layout_basic, serial_shops, shop

Skill      XL: |  1 |
---------------+----+-----
Stealth        | 2 |  2.0
Dodging        | |  1.9
Spellcasting   | |  2.1
Conjurations   | |  1.2
Fire Magic     | |  2.8

Action                     || total
---------------------------++-------
   Cast: Foxfire           ||    18
 Armour: Robe              ||     4
  Dodge: Dodged            ||     9
